Map: Cradle of Death

Players

NamroodTuo

  • Race: Terran Terran

Aspe

  • Race: Terran Terran
  • Spawn Location: 0:00

VOD

Have the link to the VOD?

Description

Time

  • Played on: April 13, 2023, 7:42 a.m.
  • Length: 22:26
Show
View Real Time Build Order
Export as new Build Order

NamroodTuo Terran 

Build Orders:  

Get SALT Encoding   

  12  0:04  SCV  
  13  0:11  Unknown  
  13  0:24  SCV  
  14  0:41  SCV  
  15  0:53  Gunslingers Hideout  
  15  1:04  SCV  
  16  1:21  SCV  
  16  1:23  Engineering Bay  
  17  1:34  Muscle Armory  
  17  1:38  SCV  
  18  2:01  Auto-Turret  
  18  2:08  SCV  
  19  2:21  Refinery  
  19  2:25  SCV  
  19  2:28  Auto-Turret  
  20  2:42  SCV  
  21  2:59  SCV  
  22  3:01  Tychus  
  22  4:00  SCV  
  22  4:03  Outlaw Weapons Level 1  
  22  4:09  Refinery  
  23  4:17  SCV  
  24  4:34  SCV  
  25  4:51  SCV  
  26  5:09  SCV  
  27  5:14  Unknown  
  27  5:26  SCV  
  28  5:30  Command Center  
  28  5:35  Auto-Turret  
  28  5:40  Auto-Turret  
  28  5:43  SCV  
  29  6:00  SCV  
  29  6:03  Outlaw Life and Armor Level 1  
  29  6:04  Auto-Turret  
  30  6:31  Auto-Turret  
  30  6:45  Crooked Sam  
  40  8:45  Miles Blaze Lewis  
  40  8:48  Outlaw Life and Armor Level 2  
  50  8:56  Unknown  
  50  9:23  SCV  
  51  9:34  Auto-Turret  
  51  9:40  SCV  
  52  9:57  SCV  
  53  10:00  Auto-Turret  
  53  10:14  SCV  
  54  10:27  Auto-Turret  
  54  10:31  SCV  
  55  11:07  Outlaw Weapons Level 2  
  55  11:56  Vanadium Shell, KD9a Implosion Core  
  55  12:02  SCV  
  55  12:09  Refinery  
  56  12:12  Refinery  
  56  12:19  SCV  
  57  12:20  Auto-Turret  
  57  12:25  Unknown  
  57  12:36  SCV  
  58  12:47  Auto-Turret  
  58  12:53  SCV  
  59  13:10  SCV  
  60  13:27  Flashforce GDM Visor  
  60  13:55  LarsCorp G7 Charges  
  60  14:07  SCV  
  61  14:24  SCV  
  62  14:41  SCV  
  63  14:57  Outlaw Life and Armor Level 3  
  63  14:58  SCV  
  64  15:15  SCV  
  65  16:04  High Capacity Containers  
  65  16:05  Hades Oil  
  65  16:06  Wildflame Fuel Additives  
  65  16:28  SCV  
  66  16:45  SCV  
  67  17:02  SCV  
  68  17:19  SCV  
  69  17:35  SCV  
  69  17:37  Outlaw Weapons Level 3  
  70  17:50  Moebius Restraint Matrix, Procyon Shade Suit  
  70  17:51  Kel-Morian Ripper Rounds  
  70  20:01  Medivac Platform  
  70  20:06  Unknown  
  70  20:07  Fixers Safehouse  
  70  20:24  SCV  
  70  20:28  SCV  
  72  20:45  SCV  
  73  21:02  SCV  
  74  21:19  SCV  
  74  21:46  Auto-Turret  
  74  21:55  Auto-Turret  
  74  22:06  Nux  
Show
View Real Time Build Order
Export as new Build Order

Aspe Terran 

Build Orders:  

Get SALT Encoding   

  12  0:04  SCV  
  13  0:13  Unknown  
  13  0:21  SCV  
  13  0:28  Supply Depot  
  14  0:38  SCV  
  15  0:56  Barracks  
  15  1:00  SCV  
  16  1:14  Supply Depot  
  16  1:17  SCV  
  17  1:34  SCV  
  18  1:43  Barracks  
  18  1:51  SCV  
  18  1:54  Supply Depot  
  19  2:02  Marine  
  20  2:11  SCV  
  20  2:15  Marine  
  22  2:25  Marine  
  22  2:27  Marine  
  22  2:28  SCV  
  25  2:37  Marine  
  26  2:40  Refinery  
  26  2:44  SCV  
  27  3:01  SCV  
  27  3:02  Engineering Bay  
  28  3:18  SCV, Refinery  
  29  3:23  Marine x2  
  31  3:37  SCV  
  32  3:53  Unknown  
  32  3:54  SCV  
  32  4:08  Barracks Reactor  
  32  4:10  Barracks Tech Lab  
  32  4:11  SCV  
  33  4:28  SCV  
  34  4:47  Engineering Bay  
  34  4:48  SCV  
  35  5:00  Marine x2  
  37  5:12  Unknown, Marine, Supply Depot  
  37  5:13  Marine  
  39  5:27  Terran Infantry Weapons Level 1, Terran Infantry Armor Level 1  
  39  5:43  Unknown  
  39  5:44  Supply Depot  
  39  6:03  Command Center  
  39  6:04  Medic  
  39  6:08  Marine x2  
  43  6:17  Medic  
  43  6:18  Supply Depot  
  45  6:25  Stabilizer Medpacks  
  45  6:33  Marine x2  
  47  6:50  Marine x2  
  47  6:55  Factory  
  49  7:13  Marine x2  
  49  7:18  Medic  
  53  7:26  Marine x2  
  55  8:14  Armory  
  55  8:17  SCV x2  
  57  8:34  SCV x2  
  59  8:51  SCV x2  
  61  9:08  SCV x2  
  61  9:09  Supply Depot  
  63  9:25  SCV x2  
  63  9:26  Starport  
  63  9:27  Marine x2  
  67  9:30  Medic  
  67  9:39  Marine x2  
  69  9:42  Supply Depot  
  69  9:43  Medic  
  69  9:45  Terran Infantry Weapons Level 2  
  69  9:49  Terran Infantry Armor Level 2  
  73  9:52  Marine x2  
  75  10:05  Medic  
  76  10:14  Supply Depot  
  76  10:18  SCV  
  76  10:19  SCV  
  78  10:35  SCV  
  78  10:36  SCV  
  80  10:41  Fusion Core  
  80  10:46  Marine  
  80  10:47  Marine  
  82  10:50  Refinery  
  82  10:52  SCV, Medic  
  82  10:53  SCV  
  82  10:59  Marine x2  
  87  11:04  Marine  
  87  11:09  SCV x2  
  91  11:20  Marine  
  91  11:21  Marine  
  91  11:22  Marine  
  91  11:23  Refinery  
  91  12:23  Unknown, SCV x2  
  93  12:32  Starport Tech Lab  
  93  12:40  SCV x2  
  93  12:42  Weapon Refit  
  95  12:55  Armory  
  95  12:59  Supply Depot  
  95  13:05  Battlecruiser  
  101  13:30  Supply Depot  
  101  13:41  Terran Infantry Weapons Level 3  
  101  14:01  Supply Depot  
  101  14:32  Supply Depot  
  100  14:53  Terran Infantry Armor Level 3  
  100  14:55  Marine  
  100  14:56  Marine  
  100  14:57  Medic  
  104  15:02  Terran Vehicle and Ship Weapons Level 1  
  104  15:03  Terran Vehicle And Ship Armor Level 1  
  104  15:05  Supply Depot  
  104  15:07  Marine  
  104  15:08  Marine  
  104  15:09  Medic  
  101  15:20  Marine x2  
  101  15:22  Medic  
  97  15:32  Marine  
  97  15:33  Marine  
  97  15:34  Medic  
  98  16:10  Marine  
  98  16:11  Marine  
  98  16:12  Medic  
  102  16:22  Marine  
  102  16:23  Marine  
  102  16:25  Medic  
  106  16:35  Marine x2  
  106  16:37  Medic  
  109  16:47  Marine  
  109  16:48  Marine  
  109  16:49  Medic  
  111  16:51  Battlecruiser  
  119  17:02  Medic  
  119  17:03  Starport  
  119  17:06  Supply Depot  
  119  17:10  Marine x2  
  120  17:22  Marine  
  120  17:23  Unknown, Marine  
  122  17:35  Marine x2  
  122  17:36  Battlecruiser  
  122  17:38  Supply Depot  
  130  17:41  Medic  
  130  17:47  Marine  
  130  17:48  Marine  
  134  17:54  Terran Vehicle and Ship Weapons Level 2, Terran Vehicle And Ship Armor Level 2  
  134  17:57  Starport Tech Lab  
  109  18:00  Marine x2  
  136  18:10  Supply Depot  
  136  18:12  Marine  
  136  18:13  Marine  
  138  18:21  Battlecruiser  
  138  18:27  Marine  
  138  18:28  Marine  
  146  18:31  Marine  
  146  18:39  Marine  
  147  18:40  Marine  
  147  18:43  Supply Depot  
  148  18:52  Marine x2  
  150  19:04  Marine  
  150  19:05  Marine  
  152  20:00  Battlecruiser x2  
  152  20:03  Unknown  
  164  20:32  Supply Depot  
  164  20:36  Supply Depot  
  164  20:42  Orbital Command  
  164  20:45  Battlecruiser  
  164  20:46  Orbital Command  
  170  21:02  Battlecruiser  
  170  21:03  Supply Depot  
  170  21:07  Supply Depot  
  176  21:36  Supply Depot  
  176  21:39  Supply Depot  
  188  22:11  Supply Depot  
Tags
 
Commander
RaynorTychus
Matchup
Co-op
Replay Pack
Multiplayer
Add a new tag
Caveats
  • Supply blocks, unpowered buildings, or Contaminate may cause inaccurate times.
  • Supply counts are checked every 10 seconds.